[Event "Asian Amateur-ch Open 2022"]
[Site "Muscat"]
[Date "2022.10.02"]
[Round "5.9"]
[White "Shahali, Milad"]
[Black "Al Amri, Mahad"]
[Result "1/2-1/2"]
[ECO "B33"]
[WhiteElo "1910"]
[BlackElo "1589"]
[Annotator "TA"]
[PlyCount "132"]
[EventDate "2022.09.29"]
[EventType "swiss"]
[SourceTitle "playchess.com"]
[Source "ChessBase"]
[SourceQuality "1"]
[TimeControl "5400+30"]

1. e4 c5 2. Nf3 Nc6 3. d4 cxd4 4. Nxd4 e5 5. Nb5 d6 6. N1c3 Nf6 7. Bg5 a6 8. Bxf6 gxf6 9. Na3 f5 10. Bd3 f4 11. Nd5 b5 (11... Rg8 $11) 12. c3 {[%emt 0:10:23] B33: Sicilian: Pelikan and Sveshnikov Variations.} ({White should play} 12. c4 $16) 12... h5 {[%emt 0:02:52] [#]} (12... Rg8 $11 {remains equal.}) 13. Nc2 $146 {[%emt 0:06:30] White is more active.} ({Predecessor:} 13. h4 Be6 14. Qb3 Bd7 15. Nc2 Na5 16. Qa3 Nc4 17. Bxc4 bxc4 18. Qb4 Rb8 19. Qxc4 Rxb2 20. Nc7+ Ke7 {½-½ (21) Soerens,M (1488)-Hotze,K (1664) Hamburg 2007}) 13... Bg4 14. Be2 {[%emt 0:08:39] White is better.} Rg8 (14... Be6 $16) 15. a4 $18 Rb8 16. axb5 axb5 17. Ra6 Bd7 18. Na3 Rxg2 $2 (18... b4 $16 {is tougher.}) 19. Bxb5 Rxf2 {[%emt 0:15:33][%cal Od8h4] Threatens to win with ...Qh4!} 20. Kxf2 $2 (20. Qxh5 $18 Rg2 21. Bxc6 Bxc6 22. Rxc6) 20... Qh4+ $11 21. Kg1 Bh3 (21... Rxb5 $1 $11 {keeps the balance.} 22. Nxb5 Bh3 23. Rxc6 (23. Ra8+ Nd8 $11) 23... Qg5+ 24. Kf2 Qg2+ 25. Ke1 Qxe4+ 26. Kd2 (26. Kf2 $2 Qg2+ 27. Ke1 Qxh1+ 28. Kd2 Qxd5+ 29. Nd4 exd4 $19) 26... Qxd5+ 27. Nd4 exd4 28. Re1+ Kd8) 22. Rxc6 (22. Bxc6+ $16 Kd8 23. Bb5 Qg5+ 24. Kf2 Qh4+ 25. Ke2 Bg4+ 26. Kd2 Bxd1 27. Rxd1 (27. Kxd1 Qg4+ 28. Kc1 f3 $16)) 22... Qg5+ 23. Kf2 Qg2+ (23... Qh4+ $2 24. Ke2 Rxb5 25. Nxb5 $18) (23... Rxb5 $1 $11 24. Ke1 (24. Nxb5 Qg2+ 25. Ke1 Qxe4+ 26. Kd2 Qxd5+ 27. Nd4 exd4 $11) (24. Nf6+ Qxf6 25. Nxb5 Qh4+ 26. Ke2 Bg4+ 27. Kd2 Bxd1 $19) 24... Rxd5 25. Qxd5 Qg2) 24. Ke1 $16 Rxb5 $4 (24... Qxe4+ $16 25. Qe2 Qxh1+ 26. Qf1 Qxf1+ 27. Bxf1 Be6) 25. Nxb5 $2 (25. Nf6+ $18 Kd8 26. Rxd6+ Kc8 27. Rd8+ Kb7 28. Nxb5 Qxh1+ 29. Kd2 Qxd1+ 30. Kxd1) 25... Qxe4+ $11 26. Kd2 (26. Kf2 $2 Qg2+ 27. Ke1 Qxh1+ 28. Kd2 Qxd5+ 29. Nd4 exd4 $19) 26... Qxd5+ 27. Nd4 $1 exd4 28. Qa4 $2 dxc3+ $1 $19 29. Kxc3 Bg7+ {[%emt 0:02:47][%mdl 64] Skewer} 30. Kb4 Qd2+ (30... Qxh1 31. Qa8+ Kd7 32. Rxd6+ $3 (32. Qc8+ Ke7 $17) 32... Kxd6 33. Qxh1 $18) ({Better is} 30... Bd7 $1 $19 31. Re1+ Be5 32. Rxe5+ dxe5 33. Rc8+ Ke7) 31. Rc3+ (31. Kb5 $1 $15) 31... Bd7 {[%emt 0:00:40][%mdl 1024] Black has strong compensation. This bishop pair is nice.} 32. Qc2 (32. Qa8+ $142 Ke7 33. Qe4+ Kf8 34. Qa8+ Ke7 35. Qe4+ Kd8 36. Qa8+ (36. Re1 Bxc3+ 37. bxc3 Qb2+ 38. Kc4 Qb5+ 39. Kd4 Qc5+ 40. Kd3 Bf5 $19) 36... Ke7) 32... Qd4+ (32... Qd5 $1 $19 {[%cal Rd5b5] ( -> ...Qb5+)} 33. Rc8+ Ke7 34. Re1+ Be5 35. Rxe5+ Qxe5) 33. Rc4 $17 Qb6+ 34. Ka3 Qa6+ (34... Ke7 $17 {White must now prevent ...Qa6+.} 35. b3 (35. Re1+ Be5 $17) 35... f3 36. Qe4+ Be5) 35. Ra4 $1 $11 Qxa4+ 36. Qxa4 Bxa4 37. Kxa4 Bxb2 {[%emt 0:00:08][%mdl 4096] Endgame KR-KB} 38. Kb3 Be5 39. Rf1 Ke7 40. Kc4 Kf6 41. Kd3 Kf5 42. Ke2 $2 (42. Rh1 $11) 42... Ke4 $19 43. Rf3 Bd4 (43... d5 $142 44. Ra3 d4) 44. Rh3 Be3 $2 ({Black should try} 44... d5 $19 {...f6 is the strong threat.} 45. Kd2 Be5) 45. Rxh5 $11 d5 46. Rh7 f3+ 47. Kf1 f5 48. h4 {[%emt 0:01:22] aiming for h5.} d4 49. Re7+ Kf4 50. h5 {[%emt 0:01:04] Strongly threatening h6.} Kg5 51. Rh7 d3 52. Rd7 d2 53. h6 $1 {[%emt 0:00:40][%mdl 64] Decoy} Kxh6 54. Rd6+ $2 (54. Rh7+ $11 Kg5 55. Rg7+ Kf4 56. Rg4+ Ke5 57. Re4+ Kf6 58. Re6+ Kg5 59. Rd6) 54... Kg5 55. Rg6+ Kh5 56. Rd6 Kg4 57. Rd4+ {[%emt 0:00:28] [#]} Kg5 $1 58. Rg4+ {[%emt 0:00:20] [#]} Kf6 $2 (58... Kh5 $1 {mates} 59. Rh4+ Kg6 60. Rg4+ Kh6 61. Rh4+ Kg6 62. Rg4+ Kh6 63. Rh4+ Kg6) 59. Rg6+ $1 {[%emt 0:00:12] The position is equal.} Ke5 (59... Kf7 $5 60. Rf6+ $8 Ke8 61. Re6+ Kf7 62. Rf6+ Kg7 63. Rf7+ (63. Rd6 $2 f2 $19) 63... Kg6 64. Rf6+ Kh5 65. Rxf5+ Kh4 $11) 60. Re6+ $1 Kf4 ({Don't go for} 60... Kd5 $2 61. Rd6+ Ke5 62. Rd5+ Kf4 63. Rd4+ Kg5 64. Rd8 $19) 61. Re4+ $1 Kg3 62. Rg4+ $1 Kh2 63. Rh4+ Kg3 64. Rg4+ Kh3 65. Rh4+ $1 Kg3 66. Rg4+ fxg4 {[%emt 0:00:02] White happily takes the draw.  Weighted Error Value: White=0.59/Black=0.68} 1/2-1/2

[Event "Asian Amateur-ch Open 2022"]
[Site "Muscat"]
[Date "2022.10.02"]
[Round "5.10"]
[White "Al Jahwari, Adnan Mohammed"]
[Black "Bagheri, Majid"]
[Result "0-1"]
[ECO "C55"]
[WhiteElo "1546"]
[BlackElo "1870"]
[Annotator "NA RC COMBH"]
[PlyCount "108"]
[EventDate "2022.09.29"]
[EventType "swiss"]
[SourceTitle "playchess.com"]
[Source "ChessBase"]
[SourceQuality "1"]
[TimeControl "5400+30"]

1. e4 e5 2. Nf3 Nc6 3. Bc4 Nf6 4. d3 h6 5. a4 a5 6. O-O g6 7. Nc3 d6 8. h3 Bg7 9. Be3 O-O 10. Qd2 Kh7 11. Nh2 Ne7 12. f4 exf4 13. Rxf4 g5 14. Rf3 d5 15. exd5 Nfxd5 16. Nxd5 Nxd5 17. c3 Nxe3 18. Qxe3 f5 19. d4 Re8 20. Qd3 Kh8 21. Bb3 Qe7 22. Kf2 Ra6 23. Nf1 f4 24. Bc2 Bf6 25. Nd2 Re6 26. Kg1 Re3 27. Rxe3 Qxe3+ 28. Qxe3 Rxe3 29. Kf2 g4 30. Nc4 Bh4+ 31. Kf1 Re8 32. hxg4 Bxg4 33. Ne5 Bh5 34. Ng6+ Bxg6 35. Bxg6 Re6 36. Bf5 Re3 37. Bg4 Kg7 38. Bf3 b6 39. Rc1 Kf7 40. b4 Ke6 41. bxa5 bxa5 42. c4 Ra3 43. Bd1 Re3 44. Bf3 Ra3 45. Bd1 Rd3 $11 (45... Bf6 $15 {deserves consideration.}) 46. d5+ Kd6 47. Ke2 Re3+ 48. Kd2 Be1+ 49. Kc2 Kc5 50. Kb2 Bh4 51. Bg4 Bf6+ 52. Ka2 Rd3 53. Rc2 Kb4 54. Rf2 Ra3+ 0-1

[Event "Asian Amateur-ch Open 2022"]
[Site "Muscat"]
[Date "2022.10.02"]
[Round "5.11"]
[White "Gabdushev, Arman"]
[Black "UMER S.M"]
[Result "0-1"]
[ECO "A48"]
[WhiteElo "1827"]
[BlackElo "1631"]
[Annotator "NA RC COMBH"]
[PlyCount "76"]
[EventDate "2022.09.29"]
[EventType "swiss"]
[SourceTitle "playchess.com"]
[Source "ChessBase"]
[SourceQuality "1"]
[TimeControl "5400+30"]

1. d4 Nf6 2. Bf4 g6 3. Nf3 Bg7 4. h3 O-O 5. e3 d6 6. Be2 Nc6 7. O-O Ne4 8. Nbd2 Nxd2 9. Nxd2 e5 10. dxe5 dxe5 11. Bh2 Qe7 12. c4 Be6 13. a3 a5 14. Qc2 f5 15. Bf3 a4 16. Bxc6 bxc6 17. e4 f4 18. Rfb1 Qc5 19. b4 axb3 20. Rxb3 Rfd8 21. Rd3 Rdb8 22. Kf1 f3 23. Rxf3 Rf8 24. Rxf8+ Rxf8 25. f3 Qd4 26. Rd1 Qe3 27. a4 Rd8 28. Bg1 Qa3 29. c5 Bh6 30. Ke2 Qb4 31. Be3 Bxe3 32. Kxe3 Ra8 33. Rb1 Qd4+ 34. Ke2 Rxa4 35. Rb8+ Kg7 36. Rb7 Ra2 37. Rxc7+ Kh6 38. Qc1 Bc4+ 0-1

[Event "Asian Amateur-ch Open 2022"]
[Site "Muscat"]
[Date "2022.10.02"]
[Round "5.12"]
[White "Ferzli, Dany Michael"]
[Black "Hamdan Edrees, Alhamed"]
[Result "0-1"]
[ECO "E63"]
[WhiteElo "1789"]
[BlackElo "1467"]
[Annotator "NA RC COMBH"]
[PlyCount "114"]
[EventDate "2022.09.29"]
[EventType "swiss"]
[SourceTitle "playchess.com"]
[Source "ChessBase"]
[SourceQuality "1"]
[TimeControl "5400+30"]

1. d4 Nf6 2. Nf3 d6 3. c4 g6 4. g3 Bg7 5. Bg2 O-O 6. O-O Nc6 7. Nc3 a6 8. e4 Bg4 9. h3 Bxf3 10. Bxf3 e5 11. d5 Nd4 12. Bg2 Nd7 13. Be3 f5 14. Bxd4 exd4 15. Ne2 Qf6 16. Nf4 Nc5 17. f3 Qg5 18. b4 Be5 19. Qe1 Nd7 20. Ne6 Qe3+ 21. Qxe3 dxe3 22. Nxf8 Rxf8 23. Rae1 Bc3 24. Re2 Bxb4 25. Rb1 Bc5 26. Rxb7 Bb6 27. Rxb6 cxb6 28. Rxe3 f4 29. gxf4 Rxf4 30. Rb3 Kf7 31. a4 a5 32. Kf2 Ke7 33. Rb1 Kd8 34. Bf1 Kc7 35. Be2 Nc5 36. Bd1 g5 37. Bc2 Nd7 38. Rg1 h6 39. Rg4 Ne5 40. Rxf4 gxf4 41. Bb3 Nd3+ 42. Kf1 Kd7 43. h4 Ke7 44. Kg2 Kf6 45. Ba2 Ke5 46. Kf1 Kd4 47. Bb3 Nc5 48. Bd1 Kxc4 49. Be2+ Kd4 50. h5 Nxa4 51. Kg2 Nc3 52. Bd3 a4 53. Bc2 a3 54. Bb3 a2 55. Bxa2 Nxa2 56. Kh3 b5 57. Kg4 Ke5 0-1

[Event "Asian Amateur-ch Open 2022"]
[Site "Muscat"]
[Date "2022.10.02"]
[Round "5.13"]
[White "Al Zadjali, Abdul Rahman"]
[Black "Jaradat, Othman"]
[Result "1/2-1/2"]
[ECO "D36"]
[WhiteElo "1534"]
[BlackElo "1751"]
[Annotator "NA RC COMBH"]
[PlyCount "158"]
[EventDate "2022.09.29"]
[EventType "swiss"]
[SourceTitle "playchess.com"]
[Source "ChessBase"]
[SourceQuality "1"]
[TimeControl "5400+30"]

1. d4 e6 2. c4 d5 3. Nc3 Nf6 4. cxd5 exd5 5. Bg5 Be7 6. e3 c6 7. Bd3 O-O 8. Qc2 Nbd7 9. Nf3 Re8 10. O-O Nf8 11. Rab1 a5 12. a3 Ne4 13. Bxe7 Qxe7 14. Rfc1 Nxc3 15. Qxc3 Bg4 16. Nd2 Ng6 17. b4 axb4 18. axb4 Ra4 19. Qc5 Qg5 20. Qd6 Rxe3 21. fxe3 Qxe3+ 22. Kh1 Qxd2 23. Qd8+ Nf8 24. Bxh7+ Kxh7 25. Qh4+ Kg8 26. Qxg4 Rxb4 27. Rd1 Rxb1 28. Rxb1 Ne6 29. Rd1 Qf2 30. h4 b5 31. Ra1 g6 32. Rd1 b4 33. h5 g5 34. Qf3 Qxf3 35. gxf3 b3 36. Kg2 b2 37. Rb1 Nxd4 38. Rxb2 Ne6 39. Kg3 c5 40. Kg4 c4 41. Kf5 c3 42. Rb8+ Kg7 43. Rc8 d4 44. h6+ Kxh6 45. Kf6 Kh7 46. Kxf7 Nf4 47. Rc5 d3 48. Rxc3 d2 49. Rc2 Nd3 50. Rxd2 Ne5+ 51. Kf6 Nxf3 52. Rf2 g4 53. Kf5 Nh4+ 54. Kxg4 Ng6 55. Kg5 Kg7 56. Re2 Kf7 57. Rf2+ Kg7 58. Ra2 Kf7 59. Ra6 Ne7 60. Rd6 Nc8 61. Rh6 Ne7 62. Kf4 Ng6+ 63. Kf5 Ne7+ 64. Kg5 Ke8 65. Rh7 Kd8 66. Kf6 Nd5+ 67. Ke6 Nc7+ 68. Kd6 Ne8+ 69. Kc6 Nf6 70. Rg7 Ke8 71. Kd6 Kf8 72. Ra7 Ne8+ 73. Ke6 Ng7+ 74. Kf6 Ne8+ 75. Kg6 Nd6 76. Rd7 Ne8 77. Rf7+ Kg8 78. Rf1 Ng7 79. Rh1 Ne8 1/2-1/2

[Event "Asian Amateur-ch Open 2022"]
[Site "Muscat"]
[Date "2022.10.02"]
[Round "5.14"]
[White "Srivatsan Karthikeyan"]
[Black "Shaurya Dinesh Sawlani"]
[Result "1-0"]
[ECO "B54"]
[WhiteElo "1711"]
[BlackElo "1448"]
[Annotator "NA RC COMBH"]
[PlyCount "107"]
[EventDate "2022.09.29"]
[EventType "swiss"]
[SourceTitle "playchess.com"]
[Source "ChessBase"]
[SourceQuality "1"]
[TimeControl "5400+30"]

1. e4 c5 2. Nf3 a6 3. c4 d6 4. d4 cxd4 5. Nxd4 Nf6 6. Nc3 e6 7. Be3 Be7 8. Be2 O-O 9. O-O Qc7 10. Qd2 Nc6 11. Rac1 Rd8 12. Nd5 exd5 13. cxd5 Qa5 14. Nxc6 Qxd2 15. Nxe7+ Kf8 16. Bxd2 Kxe7 17. f3 Bd7 18. Rc7 b5 19. Rfc1 a5 20. Bxb5 Rdb8 21. Bc6 Ra6 22. Bg5 Rd8 23. Bxf6+ gxf6 24. Kf2 Rb6 25. b3 Ra6 26. Ke3 Ke8 27. Bxd7+ Rxd7 28. Rxd7 Kxd7 29. Rc4 Ra8 30. Ra4 f5 31. b4 fxe4 32. fxe4 Rb8 33. bxa5 Ra8 34. a6 Ra7 35. g4 Kc7 36. g5 Kb6 37. Rc4 Kxa6 38. Ra4+ Kb7 39. Rxa7+ Kxa7 40. Kd4 Kb7 41. e5 Kc7 42. e6 Kd8 43. exf7 Ke7 44. a4 Kxf7 45. a5 Kg6 46. a6 Kxg5 47. a7 h5 48. a8=Q Kh4 49. Qd8+ Kh3 50. Qxd6 h4 51. Qf4 Kg2 52. Qxh4 Kh1 53. Qg4 Kxh2 54. Ke4 1-0

[Event "Asian Amateur-ch Open 2022"]
[Site "Muscat"]
[Date "2022.10.02"]
[Round "5.15"]
[White "Vijay Chauhan"]
[Black "Ranjith, R.k."]
[Result "1-0"]
[ECO "A81"]
[WhiteElo "1526"]
[BlackElo "1706"]
[Annotator "NA RC COMBH"]
[PlyCount "95"]
[EventDate "2022.09.29"]
[EventType "swiss"]
[SourceTitle "playchess.com"]
[Source "ChessBase"]
[SourceQuality "1"]
[TimeControl "5400+30"]

1. d4 e6 2. Nf3 f5 3. g3 Nf6 4. Bg2 d5 5. O-O Bd6 6. b3 Qe7 7. a4 Nbd7 8. a5 c6 9. Ba3 Bxa3 10. Rxa3 e5 11. dxe5 Nxe5 12. Qd4 Nxf3+ 13. exf3 c5 14. Qd2 O-O 15. Re1 Be6 16. b4 Rae8 17. Rae3 Qd7 18. bxc5 Bf7 19. Qb4 Qc7 20. Rxe8 Bxe8 21. Nd2 f4 22. g4 Bg6 23. Nb3 Re8 24. Rxe8+ Bxe8 25. Bf1 g5 26. Nd4 Kf7 27. Bd3 Bc6 28. Bb5 Bd7 29. Bd3 Qe5 30. Qxb7 Qxd4 31. c6 Qa1+ 32. Kg2 Qxa5 33. cxd7 Ke7 34. Qc8 Nxd7 35. Qg8 Qc5 36. Qxg5+ Ke6 37. Qf5+ Kd6 38. Qxf4+ Kc6 39. Qa4+ Kd6 40. Bf5 Nf6 41. Qa6+ Qb6 42. Qc8 Ke5 43. Qc3+ Kf4 44. h4 h5 45. Qd2+ Ke5 46. Kg3 Qd4 47. f4+ Qxf4+ 48. Qxf4# 1-0

[Event "Asian Amateur-ch Open 2022"]
[Site "Muscat"]
[Date "2022.10.02"]
[Round "5.16"]
[White "Velavaa Ragavesh"]
[Black "Atharv Bansal"]
[Result "1/2-1/2"]
[ECO "B22"]
[WhiteElo "1698"]
[BlackElo "1164"]
[Annotator "NA RC COMBH"]
[PlyCount "57"]
[EventDate "2022.09.29"]
[EventType "swiss"]
[SourceTitle "playchess.com"]
[Source "ChessBase"]
[SourceQuality "1"]
[TimeControl "5400+30"]

1. e4 c5 2. Nf3 e6 3. c3 d5 4. Bb5+ Bd7 5. Bxd7+ Nxd7 6. exd5 exd5 7. d4 Ngf6 8. O-O Be7 9. Bg5 O-O 10. Nbd2 Ne4 11. Nxe4 dxe4 12. Bxe7 Qxe7 13. Re1 Rfe8 14. Ne5 Nxe5 15. Rxe4 cxd4 16. cxd4 Qf6 17. dxe5 Rxe5 18. Rxe5 Qxe5 19. Qb3 b6 20. Rd1 Re8 21. h3 h6 22. Qa4 Re7 23. Qc2 g6 24. Rf1 Kh7 25. a3 Qc7 26. Qd3 Rd7 27. Qe3 Qc2 28. b4 Qd3 29. Re1 1/2-1/2

[Event "Asian Amateur-ch Open 2022"]
[Site "Muscat"]
[Date "2022.10.02"]
[Round "5.17"]
[White "Shelke Omkar"]
[Black "Al Amri, Mohammed A"]
[Result "1-0"]
[ECO "A48"]
[WhiteElo "1460"]
[BlackElo "1693"]
[Annotator "NA RC COMBH"]
[PlyCount "107"]
[EventDate "2022.09.29"]
[EventType "swiss"]
[SourceTitle "playchess.com"]
[Source "ChessBase"]
[SourceQuality "1"]
[TimeControl "5400+30"]

1. d4 c5 2. e3 g6 3. Nf3 Nf6 4. b3 Bg7 5. Bb2 d5 6. Bd3 Nc6 7. a3 cxd4 8. exd4 Nh5 9. Qd2 Qc7 10. O-O O-O 11. Re1 a6 12. Ne5 Nf6 13. Qe2 e6 14. Nd2 Qb6 15. Ndf3 Nh5 16. Qe3 Nf6 17. Nxc6 bxc6 18. Ne5 Nd7 19. f4 f5 20. Nxd7 Bxd7 21. Bf1 Rae8 22. Rad1 Qd8 23. Bxa6 h6 24. Bf1 g5 25. h3 Qf6 26. b4 Qg6 27. c4 g4 28. hxg4 Qxg4 29. Qf3 Qxf3 30. gxf3 Rb8 31. cxd5 cxd5 32. Rc1 Rfc8 33. Kf2 Kf7 34. Ke3 Ke7 35. Rxc8 Rxc8 36. Rc1 Rxc1 37. Bxc1 Ba4 38. Ba6 Kd8 39. Bd2 Bf8 40. Kf2 Be7 41. Ke3 h5 42. Kf2 Kc7 43. Kg2 Bd1 44. Bb5 h4 45. a4 h3+ 46. Kxh3 Bxf3 47. Be8 Kd8 48. Bc6 Bd1 49. a5 Kc7 50. b5 Ba4 51. a6 Kb6 52. Ba5+ Ka7 53. Bc7 Bf6 54. b6+ 1-0

[Event "Asian Amateur-ch Open 2022"]
[Site "Muscat"]
[Date "2022.10.02"]
[Round "5.18"]
[White "Humaidan Mohamed, Alzaabi"]
[Black "Hisoriev, Shorahmat"]
[Result "1-0"]
[ECO "B23"]
[WhiteElo "1393"]
[BlackElo "1681"]
[Annotator "NA RC COMBH"]
[PlyCount "65"]
[EventDate "2022.09.29"]
[EventType "swiss"]
[SourceTitle "playchess.com"]
[Source "ChessBase"]
[SourceQuality "1"]
[TimeControl "5400+30"]

1. e4 c5 2. Nc3 Nc6 3. f4 e5 4. f5 Nf6 5. Nf3 Be7 6. Bb5 O-O 7. O-O a6 8. Bxc6 dxc6 9. d3 b5 10. Kh1 Qc7 11. Qe1 Bb7 12. Rg1 Nd7 13. g4 c4 14. g5 Rfd8 15. f6 Bf8 16. fxg7 Bxg7 17. dxc4 b4 18. Ne2 c5 19. Ng3 Qc6 20. Nh4 Kh8 21. Qf2 Qe6 22. Nhf5 Rg8 23. Rd1 Bf8 24. Be3 Bc6 25. Rd3 Qxc4 26. b3 Qb5 27. Nh6 Bxh6 28. gxh6 f5 29. Qxf5 Raf8 30. Qe6 Qb7 31. Rxd7 Qxd7 32. Qxe5+ Rg7 33. hxg7+ 1-0

[Event "Asian Amateur-ch Open 2022"]
[Site "Muscat"]
[Date "2022.10.02"]
[Round "5.20"]
[White "Fadhil, khalid Ali"]
[Black "Alharthi, Ahmed Mohammed A"]
[Result "0-1"]
[ECO "B01"]
[WhiteElo "1451"]
[BlackElo "1950"]
[Annotator "TA"]
[PlyCount "108"]
[EventDate "2022.09.29"]
[EventType "swiss"]
[SourceTitle "playchess.com"]
[Source "ChessBase"]
[SourceQuality "1"]
[TimeControl "5400+30"]

1. e4 d5 2. exd5 Nf6 3. Nf3 Qxd5 4. Nc3 Qa5 5. Be2 Bf5 6. O-O e6 {[%emt 0:00:40] B01: Scandinavian Defence.} 7. a3 c6 8. d3 Bd6 {[%emt 0:00:41] The position is equal.} 9. Bd2 Qc7 10. Bg5 Nbd7 {[%emt 0:01:46][%cal Bb8d7,Bd7e5,Be5g4][%mdl 32] [#]} 11. Bh4 $146 ({Predecessor:} 11. Qd2 h6 12. Be3 O-O 13. h3 Rfe8 14. Rad1 Nb6 15. b4 Rad8 16. Qc1 Nbd5 17. Nxd5 Nxd5 {0-1 (31) Norgaard,L-Nikontovic,S (2320) Denmark 1998}) 11... O-O 12. Bg3 Bxg3 13. hxg3 h6 14. Nh2 Rad8 15. Bf3 Ne5 16. Qe2 Rfe8 17. Be4 Bg4 18. Nxg4 Nexg4 19. Bf3 h5 20. Ne4 Qe5 21. Nxf6+ Qxf6 22. c3 Qg6 23. Rad1 Nf6 24. Be4 Nxe4 25. dxe4 Qg4 26. Qxg4 hxg4 $11 {[%emt 0:00:00][%mdl 4096] Endgame KRR-KRR} 27. f4 gxf3 28. gxf3 e5 29. Kf2 Kf8 30. Ke3 Ke7 31. f4 exf4+ 32. gxf4 Rxd1 33. Rxd1 $15 {[%emt 0:00:00] KR-KR} Rh8 34. a4 c5 35. e5 Rh2 36. b4 Rh3+ 37. Kd2 cxb4 38. cxb4 Rb3 39. Rc1 ({Of course not} 39. b5 Rf3 40. Rg1 Rxf4 41. Rxg7 Rxa4 $17) 39... Rxb4 40. Ke3 (40. f5 $11) 40... g6 (40... Kd7 $17 41. Rg1 g6) 41. Rc7+ $11 Ke6 42. a5 a6 43. Kf3 f6 44. exf6 {[%emt 0:00:52] [#] Intending f7 and mate.} Kxf6 45. Kg4 $2 {[%emt 0:00:08][%mdl 8192] This move loses the game for White.} (45. Rd7 $11) 45... g5 $1 $19 46. Kg3 gxf4+ 47. Kf3 Ke5 48. Rc5+ Kd6 49. Rh5 (49. Rc1) 49... Rb5 {[%emt 0:00:31] Black is clearly winning.} 50. Rh7 Kc6 51. Kxf4 (51. Rh6+ $142 Kc5 52. Rh4) 51... Rxa5 {[%emt 0:00:23] [#] White must now prevent ...Rd5.} 52. Ke3 Rd5 53. Rh1 b5 54. Rc1+ Kb6 {[%emt 0:00:00] Weighted Error Value: White=0.57/Black=0.15 (very precise)} 0-1

[Event "Asian Amateur-ch Open 2022"]
[Site "Muscat"]
[Date "2022.10.02"]
[Round "5.21"]
[White "Salim Issa, Ali Shamas"]
[Black "Khalili, Mehdi"]
[Result "0-1"]
[ECO "E91"]
[WhiteElo "1886"]
[BlackElo "1575"]
[Annotator "NA RC COMBH"]
[PlyCount "160"]
[EventDate "2022.09.29"]
[EventType "swiss"]
[SourceTitle "playchess.com"]
[Source "ChessBase"]
[SourceQuality "1"]
[TimeControl "5400+30"]

1. d4 Nf6 2. c4 g6 3. Nc3 Bg7 4. e4 d6 5. Nf3 O-O 6. Be2 c5 7. O-O Bg4 8. Be3 Bxf3 9. Bxf3 cxd4 10. Bxd4 Nc6 11. Be3 Ne5 12. Be2 Qa5 13. Rc1 Qb4 14. b3 a6 15. f4 Nc6 16. Qd2 Rac8 17. Bf3 Rfd8 18. Rfd1 e5 19. Na4 Qxd2 20. Rxd2 exf4 21. Bxf4 Ne5 22. Bxe5 dxe5 23. Rcd1 Rxd2 24. Rxd2 b5 25. Nb6 Rc6 26. Rd8+ Bf8 27. Nd5 Kg7 28. Nxf6 Rxf6 29. cxb5 axb5 30. Rd5 b4 31. h3 Ra6 32. Be2 Rxa2 33. Bc4 Ra7 34. Kf1 f6 35. Ke2 Kh6 36. Kf3 Kg5 37. g3 h5 38. h4+ Kh6 39. g4 hxg4+ 40. Kxg4 Ra1 41. Rb5 Rg1+ 42. Kh3 Re1 43. Bd5 Re3+ 44. Kg4 Rc3 45. Rb8 Bc5 46. Rc8 Bf2 47. Rh8+ Kg7 48. Rg8+ Kh7 49. Rxg6 Kxg6 50. h5+ Kg7 51. Kf5 Rf3+ 52. Ke6 Rh3 53. Kd6 Rxh5 54. Kc6 Bd4 55. Kb5 Bc3 56. Kc6 Rh8 57. Kd7 Rh1 58. Ke6 Rd1 59. Kf5 Ra1 60. Bc4 Ra5 61. Bd5 Ra6 62. Bc4 Rb6 63. Bd5 Kf8 64. Bc4 Ke7 65. Bd5 Rd6 66. Bc4 Rd4 67. Bg8 Bd2 68. Bd5 Rxd5 69. exd5 Kd6 70. Ke4 f5+ 71. Kxf5 Kxd5 72. Kg4 Kd4 73. Kf3 Kd3 74. Kf2 e4 75. Kf1 e3 76. Kg2 e2 77. Kf3 e1=Q 78. Kg4 Ke4 79. Kh5 Qg1 80. Kh4 Kf3 0-1

[Event "Asian Amateur-ch Open 2022"]
[Site "Muscat"]
[Date "2022.10.02"]
[Round "5.22"]
[White "Nadeem Aziz"]
[Black "Al Hinai, Qusay"]
[Result "1-0"]
[ECO "D30"]
[WhiteElo "1797"]
[BlackElo "1201"]
[Annotator "NA RC COMBH"]
[PlyCount "37"]
[EventDate "2022.09.29"]
[EventType "swiss"]
[SourceTitle "playchess.com"]
[Source "ChessBase"]
[SourceQuality "1"]
[TimeControl "5400+30"]

1. d4 d5 2. Nf3 Nf6 3. c4 e6 4. Bg5 Be7 5. Nbd2 c6 6. e3 h6 7. Bh4 O-O 8. Rc1 Re8 9. Bd3 Nbd7 10. O-O b6 11. cxd5 cxd5 12. Bg3 Rf8 13. Bc7 Qe8 14. Bb5 Bd8 15. Be5 Bb7 16. Bxf6 Bxf6 17. Qa4 Bc8 18. Rc7 Bd8 19. Rxc8 1-0

[Event "Asian Amateur-ch Open 2022"]
[Site "Muscat"]
[Date "2022.10.02"]
[Round "5.23"]
[White "Ghaith Saeed Alnuaimi"]
[Black "Al Abdali, Zeyad Saleh"]
[Result "1/2-1/2"]
[ECO "A36"]
[WhiteElo "1269"]
[BlackElo "1780"]
[Annotator "NA RC COMBH"]
[PlyCount "115"]
[EventDate "2022.09.29"]
[EventType "swiss"]
[SourceTitle "playchess.com"]
[Source "ChessBase"]
[SourceQuality "1"]
[TimeControl "5400+30"]

1. c4 c5 2. g3 g6 3. Bg2 Nc6 4. Nc3 Bg7 5. e3 e6 6. Nge2 Nge7 7. d4 cxd4 8. exd4 d5 9. cxd5 exd5 10. O-O O-O 11. Be3 Bg4 12. Qb3 Qd7 13. Nf4 Nxd4 14. Bxd4 Bxd4 15. Nfxd5 Rfd8 16. Nxe7+ Qxe7 17. Nd5 Qg5 18. h4 Qd2 19. Ne3 Be2 20. Rfe1 Bxe3 21. Qxe3 Qxe3 22. fxe3 Rd2 23. b3 Rb8 24. Rec1 b6 25. Rc7 a5 26. a4 Bd1 27. Rc3 b5 28. Rc5 Bxb3 29. axb5 a4 30. Bc6 Kg7 31. e4 h5 32. Bd5 Rb6 33. Rf1 Bxd5 34. exd5 f5 35. Ra1 Rd4 36. Rc7+ Kh6 37. Re1 Rxd5 38. Re8 g5 39. Rh8+ Kg6 40. Rg8+ Kf6 41. hxg5+ Ke5 42. Rc4 Rd3 43. Rxa4 Rxg3+ 44. Kf2 Rb3 45. Re8+ Kd5 46. Rd8+ Ke5 47. Re8+ Kd5 48. Rf4 R6xb5 49. Rxf5+ Kd6 50. Rxb5 Rxb5 51. Rg8 Ke6 52. Kg3 Kf7 53. Ra8 Rxg5+ 54. Kh4 Rb5 55. Ra7+ Kg6 56. Ra6+ Kf7 57. Rh6 Kg7 58. Rxh5 1/2-1/2

[Event "Asian Amateur-ch Open 2022"]
[Site "Muscat"]
[Date "2022.10.02"]
[Round "5.24"]
[White "Said Ahmed Ali Jidal Fadhil"]
[Black "Abdivaliev, Daniial"]
[Result "1/2-1/2"]
[ECO "A47"]
[WhiteElo "1755"]
[BlackElo "1528"]
[Annotator "NA RC COMBH"]
[PlyCount "105"]
[EventDate "2022.09.29"]
[EventType "swiss"]
[SourceTitle "playchess.com"]
[Source "ChessBase"]
[SourceQuality "1"]
[TimeControl "5400+30"]

1. d4 Nf6 2. Nf3 b6 3. Bg5 d5 4. Nbd2 c5 5. e3 Ba6 6. Bxa6 Nxa6 7. c3 Nc7 8. dxc5 bxc5 9. Bxf6 gxf6 10. Qa4+ Qd7 11. Qxd7+ Kxd7 12. O-O-O e5 13. c4 d4 14. exd4 cxd4 15. Ne4 Ke6 16. g4 h5 17. h3 Bh6+ 18. Kc2 Rag8 19. Rhg1 hxg4 20. hxg4 Bf8 21. Nfd2 f5 22. gxf5+ Kxf5 23. Ng3+ Ke6 24. f4 f6 25. fxe5 fxe5 26. Nge4 Be7 27. a3 a5 28. Rdf1 a4 29. Rxg8 Rxg8 30. Rh1 Kf5 31. Rh7 Bd8 32. b4 axb3+ 33. Kxb3 Ne6 34. Rf7+ Kg6 35. Rf1 Ng5 36. c5 Nxe4 37. Nxe4 Ba5 38. Rg1+ Kf7 39. Rxg8 Kxg8 40. Kc4 Kg7 41. c6 Kg6 42. Kd3 Kf5 43. Nd6+ Ke6 44. Nc4 Bc7 45. Ke4 Ke7 46. a4 Kd8 47. a5 Bb8 48. a6 Kc7 49. Nxe5 Kb6 50. Nd7+ Kxc6 51. Nxb8+ Kb6 52. Kxd4 Ka7 53. Ke4 1/2-1/2